 Dungeon Crawl Stone Soup version 0.32-a0-171-g4625e66871 (webtiles) character file.

Game seed: 9456027438271207917

182 Kenran the Slasher (level 5, -2/45 HPs)
             Began as a Minotaur Cinder Acolyte on Feb 12, 2024.
             Was a High Priest of Ignis.
             Succumbed to an orc wizard's poison
             ... on level 4 of the Dungeon.
             The game lasted 00:03:40 (2653 turns).

Kenran the Slasher (Minotaur Cinder Acolyte)        Turns: 2653, Time: 00:03:40

Health: -2/45      AC:  8    Str: 19    XL:     5   Next: 34%
Magic:  5/5        EV: 10    Int: 11    God:    Ignis [*****.]
Gold:   226        SH:  0    Dex: 13    Spells: 6/6 levels left

rFire   + . .        a - -1 falchion (flame)
rCold   . . .        (no shield)
rNeg    . . .        g - +0 ring mail
rPois   .            (helmet restricted)
rElec   .            p - +1 cloak
rCorr   .            (no gloves)
SInv    .            m - +0 pair of boots
Will    .....        (no amulet)
Stlth   +            c - +6 ring of dexterity
HPRegen 0.27/turn    (no ring)
MPRegen 0.09/turn

%: no passive effects
@: lethally poisoned (-2 -> -33)
A: horns 2, retaliatory headbutt
a: Renounce Religion, Fiery Armour, Foxfire Swarm, Rising Flame


You were on level 4 of the Dungeon.
You worshipped Ignis.
Ignis was extremely pleased with you.
You visited 1 branch of the dungeon, and saw 4 of its levels.

You collected 226 gold pieces.

Inventory:

Hand Weapons
 a - a -1 falchion of flaming (weapon)
Armour
 g - a +0 ring mail (worn)
 m - a +0 pair of boots (worn)
 p - a +1 cloak (worn)
Jewellery
 c - a +6 ring of dexterity (left hand)
Scrolls
 b - 2 scrolls of blinking
 i - a scroll of immolation {!r}
 o - a scroll of teleportation
 q - a scroll of enchant weapon
Potions
 e - 2 potions of mutation {!q}
 f - a potion of might
 n - a potion of ambrosia {unknown}
 r - a potion of magic


   Skills:
 - Level 3.6 Fighting
 + Level 7.4 Long Blades
 - Level 1.0 Spellcasting
 - Level 2.1 Fire Magic


You had 6 spell levels left.
You didn't know any spells.
Your spell library contained the following spells:

 Spells                   Type           Power      Damage    Failure   Level
 Scorch                   Fire           10%        2d5       34%         2
 Fugue of the Fallen      Necr           0%         N/A       86%         3
 Ozocubu's Armour         Ice            0%         N/A       86%         3
 Summon Ice Beast         Ice/Summ       0%         N/A       86%         3
 Manifold Assault         Tloc           0%         N/A       99%         4
 Summon Mana Viper        Hex/Summ       0%         N/A       100%        5
 Monstrous Menagerie      Summ           0%         N/A       100%        7


Dungeon Overview and Level Annotations

Branches:
Dungeon (4/15)
 Temple: D:4-7

Altars:


Innate Abilities, Weirdness & Mutations

You have a pair of horns on your head.
You reflexively headbutt those who attack you in melee.


Message History

The orc wizard closely misses you.
It was a potion of curing.
You feel better. Something hits you but does no damage.
You are poisoned.
The orc wizard closely misses you.
You hit the orc wizard. You burn the orc wizard. You headbutt the orc wizard.
The orc wizard is heavily wounded.
You feel sick. Something hits you but does no damage.
You are more poisoned.
The orc wizard closely misses you.
You miss something.
You feel very sick.
An orc wizard appears from thin air!
Reactivating autopickup.
The orc wizard hits you with a +1 dagger of venom.
You are lethally poisoned!
The orc wizard hits you with a +0 dagger.
You barely miss the orc wizard.
You feel very sick.
The orc wizard hits you with a +1 dagger of venom.
You are more poisoned.
The orc wizard barely misses you.
You barely miss the orc wizard.
* * * LOW HITPOINT WARNING * * *
You feel very sick. The orc wizard closely misses you.
The orc wizard points at you and mumbles some strange words.
The puff of flame misses you.
You barely miss the orc wizard.
* * * LOW HITPOINT WARNING * * *
You feel very sick.
The orc wizard hits you with a +1 dagger of venom.
* * * LOW HITPOINT WARNING * * *
You are more poisoned.
The orc wizard barely misses you.
Okay, then.
As you read the scroll of fear, it crumbles to dust.
You assume a fearsome visage.
The orc wizard looks frightened! x2
You die...
Ignis goes out, and joins you in death.

###### ##.#######.#.. ..#
.....# ##........#.###.###
####.###....)###.#...'.#..
#......##..)#.)...)..###..
#.##.#.##..##.##.#....$..#
...#.#.##.###.##.#########
#.............##)#
#.##.#.##.######o#
.......##......o@#
##################


You could see 2 orc wizards.

Vanquished Creatures
  An orc priest (D:4)
  Crazy Yiuf (D:2)
  2 orc wizards (D:4)
  2 adders (D:2)
  A dart slug (D:3)
  A ribbon worm (D:2)
  3 orcs (D:4)
  5 ball pythons
  7 bats
  5 endoplasms
  A giant cockroach (D:2)
  5 goblins
  2 hobgoblins (D:2)
  3 jackals (D:1)
  A quokka (D:2)
  A frilled lizard (D:2)
  8 kobolds
  5 rats
54 creatures vanquished.

Vanquished Creatures (others)
  An orc wizard (D:4)
1 creature vanquished.

Grand Total: 55 creatures vanquished

Notes
Turn   | Place    | Note
-------+----------+-------------------------------------------
     0 | D:1      | Kenran the Minotaur Cinder Acolyte began the quest for the
                  | Orb.
     0 | D:1      | Reached XP level 1. HP: 19/19 MP: 1/1
    33 | D:1      | Found a faded altar of an unknown god.
   465 | D:1      | Reached skill level 4 in Long Blades
   773 | D:1      | Reached XP level 2. HP: 26/26 MP: 2/2
  1124 | D:2      | Reached skill level 5 in Long Blades
  1124 | D:2      | Reached XP level 3. HP: 31/31 MP: 3/3
  1264 | D:2      | Found a runed translucent door.
  1265 | D:2      | Noticed Crazy Yiuf
  1726 | D:2      | Killed Crazy Yiuf
  1727 | D:2      | Reached skill level 6 in Long Blades
  1727 | D:2      | Reached XP level 4. HP: 10/39 MP: 4/4
  2606 | D:4      | Reached skill level 7 in Long Blades
  2606 | D:4      | Reached XP level 5. HP: 42/45 MP: 5/5
  2653 | D:4      | Succumbed to an orc wizard's poison

Illustrated notes

Levels and vault maps discovered:
D:1:      saegor_arrival_simple_a, layout_basic, basic_ecumenical_altar
D:2:      layout_loops_ring, uniq_crazy_yiuf_cottage
D:3:      layout_basic, amcnicky_mini_corridor_feature
D:4:      layout_loops_corners, mainiacjoe_overflow_catch_the_wave,
          serial_rivers, chequers_serial_rivers_large_b,
          chequers_serial_rivers_micro_e, chequers_serial_rivers_micro_d,
          chequers_serial_rivers_marsh, minmay_a_box_with_orc_wizards_in_it

Skill      XL: |  1  2  3  4 |
---------------+-------------+-----
Long Blades    | 4 5 6 7 |  7.4
Fighting       | |  3.6
Spellcasting   | |  1.0
Fire Magic     | |  2.1

Action                     |  1- 3 |  4- 6 || total
---------------------------+-------+-------++-------
  Melee: Falchion          |    70 |    62 ||   132
         Headbutt          |     9 |    10 ||    19
    Use: Scroll            |     8 |     2 ||    10
         Potion            |       |     5 ||     5
 Armour: Ring mail         |    39 |    81 ||   120
         Robe              |     1 |       ||     1
  Dodge: Dodged            |    27 |    35 ||    62

Table legend: (Time is in decaauts)
 A = Elapsed time spent in this place.
 B = Non-inter-level travel time spent in this place.
 C = Inter-level travel time spent in this place.
 D = Time resting spent in this place.
 E = Time spent auto-exploring this place.
 F = Levels seen in this place.
 G = Mean time per level.
                   A        B        C        D        E       F      G
               +--------+--------+--------+--------+--------+-----+--------+
         Total |   2653 |   2418 |    235 |    121 |   1877 |   4 |  663.2 |
       Dungeon |   2653 |   2418 |    235 |    121 |   1877 |   4 |  663.2 |
               +--------+--------+--------+--------+--------+-----+--------+

Top non-repeatable levels by time:
     D:1: 1088 daAuts
     D:2: 793 daAuts
     D:3: 648 daAuts
     D:4: 122 daAuts
